Map: Rhoskallian LE

Players

qqq

  • Race: Zerg Zerg
  • League: Platinum
  • Spawn Location: 5:00

Massa

  • Race: Terran Terran
  • League: Gold
  • Spawn Location: 6:00

Mathist

  • Race: Zerg Zerg
  • Spawn Location: 12:00

Djoko

  • Race: Terran Terran
  • League: Platinum
  • Spawn Location: 11:00

VOD

Have the link to the VOD?

Description

Time

  • Played on: May 30, 2020, 6:13 a.m.
  • Length: 12:51
Show
View Real Time Build Order
Export as new Build Order

qqq Zerg 

Build Orders: Hatch First 

Get SALT Encoding   

  12  0:03  Drone  
  13  0:11  Drone  
  14  0:47  Hatchery  
  13  0:52  Spawning Pool  
  12  1:00  Overlord  
  12  1:04  Drone  
  12  1:09  Drone  
  14  1:18  Drone  
  14  1:24  Drone  
  16  1:41  Roach Warren  
  16  1:42  Extractor  
  16  1:44  Queen  
  16  1:53  Zergling x2  
  17  1:55  Drone  
  18  2:03  Queen  
  20  2:09  Drone  
  21  2:16  Overlord  
  21  2:22  Drone  
  22  2:28  Roach  
  24  2:33  Drone  
  24  2:37  Drone  
  26  2:43  Roach  
  28  2:48  Roach  
  30  3:01  Roach x2  
  34  3:10  Roach  
  35  3:25  Overlord x2  
  35  3:26  Overlord  
  35  3:45  Lair  
  35  3:59  Roach x2  
  35  4:01  Drone  
  35  4:02  Drone x4  
  44  4:13  Roach  
  44  4:14  Overlord  
  46  4:24  Drone x2  
  46  4:25  Drone  
  46  4:26  Drone  
  46  4:27  Drone  
  46  4:31  Extractor  
  50  4:41  Roach  
  50  4:42  Drone x2  
  50  4:43  Drone  
  55  4:47  Extractor  
  54  4:54  Glial Reconstitution  
  54  5:01  Zergling x8  
  54  5:02  Drone x3  
  61  5:26  Drone x2  
  63  5:33  Metabolic Boost  
  64  5:50  Drone x2, Zergling x4  
  64  5:51  Drone  
  68  6:00  Overlord x4  
  70  6:25  Roach  
  70  6:26  Roach x3  
  70  6:27  Roach x2  
  80  6:44  Drone x2  
  80  6:45  Hatchery  
  80  6:46  Roach  
  83  6:50  Ravager x4  
  83  6:52  Ravager  
  83  6:53  Ravager  
  89  6:54  Zergling x2  
  89  6:55  Drone x2  
  89  6:58  Hatchery  
  91  7:13  Hatchery  
  90  7:18  Roach  
  90  7:19  Overlord  
  90  7:21  Overlord x3  
  92  7:45  Roach x3  
  92  7:46  Roach x7  
  111  8:37  Roach x3  
  111  8:38  Drone, Roach x3  
  111  8:39  Drone x7  
  130  8:46  Drone  
  131  8:50  Infestation Pit  
  131  8:53  Drone  
  131  8:54  Drone x2, Evolution Chamber  
  131  8:55  Overlord  
  132  8:57  Evolution Chamber  
  132  9:01  Zergling x4  
  132  9:02  Drone x3  
  135  9:24  Drone, Roach x4  
  141  9:25  Drone x5  
  146  9:36  Spine Crawler x2  
  146  9:37  Spine Crawler  
  143  9:39  Spine Crawler  
  143  9:40  Spine Crawler x2  
  143  9:41  Drone  
  143  9:42  Drone x3  
  143  9:43  Spine Crawler, Roach x2  
  147  9:45  Hive  
  147  9:46  Overlord  
  147  9:48  Zerg Melee Weapons Level 1  
  147  9:49  Zerg Ground Armor Level 1  
  147  9:56  Zergling x4  
  147  9:57  Overlord  
  114  10:23  Roach x3  
  114  10:24  Roach  
  114  10:25  Drone x2, Roach x4  
  114  10:26  Roach x3  
  100  10:34  Roach x2  
  92  10:43  Extractor  
  91  10:50  Zergling x4, Overlord x2  
  91  10:51  Drone x2  
  91  10:52  Zergling x8  
  99  10:58  Drone x3  
  99  10:59  Roach x2  
  106  11:14  Hydralisk Den  
  104  11:26  Hydralisk Den  
  104  11:27  Ultralisk Cavern  
  104  11:28  Spore Crawler x2  
  104  11:32  Spore Crawler  
  99  11:36  Spore Crawler  
  99  11:38  Spore Crawler  
  99  11:39  Spore Crawler  
  88  11:44  Drone x2, Zergling x4  
  88  11:45  Roach x2  
  88  11:46  Zergling x8  
  88  11:47  Zergling x4  
  96  12:01  Roach x5  
  96  12:02  Roach x2  
  80  12:21  Roach x3  
Show
View Real Time Build Order
Export as new Build Order

Massa Terran 

Build Orders:  

Get SALT Encoding   

  12  0:14  SCV  
  12  0:18  Supply Depot  
  13  0:26  SCV  
  14  0:39  SCV  
  14  0:41  Barracks  
  15  0:51  Refinery, SCV  
  16  1:03  SCV  
  17  1:15  SCV  
  18  1:27  SCV  
  19  1:39  SCV  
  20  1:44  Barracks  
  20  1:58  Refinery  
  20  2:01  Supply Depot  
  20  2:03  Supply Depot  
  20  2:09  Supply Depot  
  20  2:17  Marine  
  20  2:33  Factory  
  20  2:34  Marine  
  21  2:42  Barracks Reactor  
  21  2:56  Supply Depot  
  21  2:58  Marine  
  19  3:16  Marine  
  19  3:19  Factory Reactor, Supply Depot  
  19  3:23  Marine x2  
  21  3:33  Marine  
  22  3:39  Factory  
  19  3:41  Marine x2  
  19  3:51  Marine  
  20  4:01  SCV  
  21  4:13  SCV  
  22  4:25  SCV  
  22  4:31  Hellion  
  25  4:36  Hellion  
  25  4:37  SCV  
  28  4:49  SCV  
  29  5:01  SCV  
  27  5:16  Factory Reactor  
  25  5:32  Supply Depot  
  25  5:37  Barracks Reactor  
  25  5:43  SCV  
  26  5:55  SCV  
  26  5:56  Supply Depot  
  27  6:08  SCV  
  28  6:20  SCV, Supply Depot  
  29  6:29  Bunker  
  29  6:32  SCV  
  30  6:42  Hellion, Command Center  
  30  6:44  SCV  
  33  7:02  Hellion x3  
  39  7:17  Marine  
  39  7:22  Hellion  
  42  7:32  Orbital Command  
  42  7:35  Marine  
  43  7:53  Marine  
  44  8:10  Marine  
  36  8:28  Marine  
  36  8:31  Supply Depot x2  
  38  8:34  SCV  
  38  8:46  SCV x2  
  40  8:58  SCV x2  
  42  9:10  SCV  
  42  9:11  Orbital Command  
  43  9:22  SCV  
  44  9:30  Marine  
  45  9:34  Marine x2  
  47  9:42  Engineering Bay  
  47  9:48  Marine  
  47  9:51  Starport  
  47  9:52  Marine x2  
  50  9:54  Factory  
  50  10:06  Marine  
  51  10:09  Marine  
  51  10:11  Barracks  
  52  10:17  Factory Tech Lab  
  50  10:37  Marine  
  50  10:38  Marine  
  50  10:39  Siege Tank  
  55  10:57  Refinery, Marine  
  55  10:58  Marine x2  
  56  11:15  Marine  
  56  11:16  Marine x2  
  59  11:23  Missile Turret  
  47  11:33  Marine  
  47  11:34  Marine x2  
  50  11:40  Missile Turret  
  50  11:42  Missile Turret x2  
  50  11:44  Missile Turret  
  50  11:51  Marine x3  
  43  11:59  SCV  
  37  12:09  Marine  
  37  12:11  SCV  
  21  12:49  Missile Turret  
Show
View Real Time Build Order
Export as new Build Order

Mathist Zerg 

Build Orders: Pool First 

Get SALT Encoding   

  12  0:02  Drone  
  13  0:09  Drone  
  14  0:20  Extractor  
  13  0:21  Extractor, Drone  
  13  0:22  Drone  
  16  0:29  Overlord  
  16  0:44  Spawning Pool  
  16  0:46  Extractor  
  16  0:48  Drone  
  15  0:53  Drone  
  16  0:57  Drone  
  17  1:17  Drone  
  18  1:19  Drone  
  19  1:29  Drone  
  20  1:33  Queen  
  22  1:45  Hatchery  
  21  1:50  Zergling x2  
  22  1:54  Metabolic Boost  
  22  2:01  Overlord  
  22  2:27  Zergling x2  
  22  2:28  Zergling x4  
  25  2:41  Evolution Chamber  
  25  2:43  Zergling x2  
  25  2:45  Zergling x6  
  28  2:53  Zergling x2  
  29  3:08  Queen  
  29  3:10  Zerg Melee Weapons Level 1  
  31  3:34  Baneling Nest  
  31  3:39  Drone x6  
  36  3:47  Roach Warren  
  35  4:01  Drone  
  36  4:07  Overlord x2  
  36  4:19  Baneling x4  
  36  4:21  Baneling  
  36  4:27  Drone x9  
  45  4:39  Zergling x8  
  41  5:09  Drone x9  
  49  5:15  Zergling x2  
  49  5:18  Extractor  
  49  5:19  Extractor  
  48  5:29  Hatchery  
  47  5:52  Zergling x6  
  47  5:53  Zergling x4  
  50  6:23  Lair  
  50  6:37  Overlord x2  
  50  6:38  Overlord x3  
  50  6:40  Queen  
  54  7:01  Roach x3  
  54  7:02  Roach x12  
  54  7:05  Zerg Ground Armor Level 1  
  82  7:09  Extractor  
  82  7:10  Evolution Chamber  
  80  7:25  Glial Reconstitution  
  80  7:27  Centrifical Hooks  
  80  7:32  Zergling x10  
  80  7:33  Zergling x10  
  90  7:54  Overlord  
  90  7:55  Overlord x2  
  90  7:59  Zerg Melee Weapons Level 2  
  90  8:21  Infestation Pit  
  90  8:23  Roach x12  
  113  8:48  Ravager  
  113  8:50  Overlord x8  
  113  8:51  Overlord  
  105  9:25  Roach x11  
  105  9:26  Roach x4  
  135  9:31  Zerg Missile Weapons Level 1  
  135  9:37  Ravager  
  136  9:50  Drone x9  
  122  10:35  Ravager x7  
  129  10:52  Hive  
  129  11:04  Hydralisk Den  
Show
View Real Time Build Order
Export as new Build Order

Djoko Terran 

Build Orders:  

Get SALT Encoding   

  12  0:01  SCV  
  13  0:13  SCV  
  14  0:22  Supply Depot  
  14  0:25  SCV  
  15  0:30  Refinery  
  15  0:45  Barracks  
  15  1:02  Barracks  
  15  1:04  SCV  
  16  1:16  SCV  
  17  1:28  SCV  
  18  1:40  Refinery  
  18  1:41  Orbital Command  
  18  1:50  Supply Depot  
  18  1:52  Reaper x2  
  20  2:21  SCV  
  21  2:24  Reaper  
  21  2:25  Reaper  
  23  2:42  SCV  
  24  2:48  Command Center  
  24  2:56  Reaper  
  24  2:57  Reaper  
  25  3:29  Reaper x2  
  27  3:37  SCV  
  28  3:50  SCV  
  29  3:58  Factory  
  29  3:59  Factory  
  29  4:01  Reaper x2, Orbital Command  
  29  4:02  Refinery, SCV  
  31  4:14  SCV  
  32  4:26  SCV, Bunker  
  32  4:29  SCV  
  34  4:37  Marine  
  34  4:38  SCV, Marine  
  37  4:41  SCV  
  38  4:50  SCV  
  39  4:55  Marine  
  39  5:28  SCV x2  
  40  5:31  Factory Tech Lab  
  40  5:32  Factory Tech Lab  
  40  5:38  Barracks Reactor  
  40  5:40  SCV x2  
  42  5:44  Refinery  
  42  5:52  SCV x2  
  44  6:01  Siege Tank x2  
  44  6:04  SCV x2, Supply Depot  
  52  6:16  SCV x2  
  54  6:25  Marine x2  
  56  6:26  Supply Depot  
  56  6:28  SCV, Supply Depot x2  
  57  6:33  Siege Tank  
  60  6:43  Marine x2  
  62  6:48  Siege Tank  
  62  6:49  Supply Depot  
  65  6:59  SCV x2  
  65  7:01  Starport, Marine  
  68  7:02  Starport  
  68  7:05  Siege Tank  
  68  7:06  Engineering Bay  
  71  7:11  SCV  
  72  7:39  Command Center  
  72  7:41  Marine  
  72  7:42  Liberator x2  
  79  7:45  Cyclone x2  
  79  8:41  Starport Tech Lab x2  
  79  8:49  Armory  
  79  8:51  Fusion Core  
  79  8:52  Armory, Siege Tank x2  
  85  9:24  Cyclone x2  
  91  9:45  Battlecruiser x2  
  103  9:47  Terran Ship Weapons Level 1  
  103  9:48  Terran Vehicle And Ship Armor Level 1  
  103  9:52  Weapon Refit  
  103  10:04  SCV x2  
  105  10:16  SCV x2  
  107  10:22  Supply Depot x2  
  107  10:24  Supply Depot  
  102  10:42  Command Center  
  102  10:43  SCV x2, Cyclone x2  
  102  10:44  Refinery  
  102  10:47  Supply Depot x2  
  110  10:53  Supply Depot, Battlecruiser  
  110  10:56  SCV x2  
  118  11:09  SCV  
  119  11:16  Cyclone, Supply Depot  
  122  11:39  Supply Depot  
  122  12:06  SCV x2  
  136  12:10  SCV  
  137  12:16  Refinery  
  137  12:18  SCV  
  137  12:19  SCV  
  139  12:22  SCV  
  140  12:30  SCV  
Tags
 
Add a new tag
Caveats
  • Supply blocks, unpowered buildings, or Contaminate may cause inaccurate times.
  • Supply counts are checked every 10 seconds.